 Dungeon Crawl Stone Soup version 0.31.0 (webtiles) character file.

Game seed: 7719366971980531875

1359 qw the Skirmisher (level 8, 0/51 HPs)
             Began as a Gargoyle Hunter on Jan 19, 2024.
             Slain by a hornet (12 damage)
             ... on level 7 of the Dungeon.
             The game lasted 00:00:24 (5784 turns).

qw the Skirmisher (Gargoyle Hunter)                 Turns: 5784, Time: 00:00:24

Health: 0/51       AC: 12    Str: 15    XL:     8   Next: 64%
Magic:  8/8        EV: 12    Int: 10    God:
Gold:   42         SH:  0    Dex: 15    Spells: 7/7 levels left

rFire   . . .        h - +0 orcbow
rCold   . . .        (shield currently unavailable)
rNeg    + . .        l - +1 robe {Will+}
rPois   inf          (no helmet)
rElec   +            m - +0 cloak
rCorr   .            i - +2 pair of gloves
SInv    .            (no boots)
Will    +....        (no amulet)
Stlth   ++           (no ring)
HPRegen 0.28/turn    (no ring)
MPRegen 0.11/turn

%: no passive effects
@: about to teleport
A: sickness immunity, AC +5, negative energy resistance 1, electricity
resistance, torment resistance 1, petrification resistance
a: no special abilities


You were on level 7 of the Dungeon.
You visited 1 branch of the dungeon, and saw 7 of its levels.

You collected 370 gold pieces.
You spent 328 gold pieces at shops.


Innate Abilities, Weirdness & Mutations

You are immune to sickness and miasma.
Your stone body is resilient. (AC +5)
You are immune to poison.
You resist negative energy. (rN+)
You are resistant to electric shocks. (rElec)
You are resistant to unholy torment.
You are immune to petrification.


   Skills:
 - Level 6.2 Fighting
 + Level 9.4 Ranged Weapons
 - Level 1.0 Armour
 - Level 2.1 Dodging
 - Level 1.1 Stealth


You had 7 spell levels left.
You didn't know any spells.
Your spell library was empty.

Inventory:

Hand Weapons
 a - a +0 shortbow of flaming
 h - a +0 orcbow (weapon)
Armour
 i - a +2 pair of gloves (worn)
 k - a +0 ring mail
 l - a +1 robe of willpower (worn)
 m - a +0 cloak (worn)
Wands
 d - a wand of flame (19)
Scrolls
 b - 4 scrolls of teleportation
 f - 6 scrolls of identify
Potions
 c - a potion of invisibility {unknown}
 e - 2 potions of curing
 g - a potion of mutation

Dungeon Overview and Level Annotations

Branches:
Dungeon (7/15)
 Temple: D:4-7

Altars:
Dithmenos
Gozag
Hepliaklqana
Uskayaw
Xom
Yredelemnul

Shops:
D:4 :   D:7 ?[?

Annotations:
D:4 2 transporters, qw's ghost, amateur GrHu


Message History

The hornet is lightly wounded.
The hornet stings you.
You shoot an arrow. The arrow hits the hornet.
The hornet is moderately wounded.
The hornet barely misses you. The hornet stings you.
You shoot an arrow. The arrow barely misses the hornet.
The hornet stings you.
You shoot an arrow. The arrow closely misses the hornet.
The hornet stings you! The hornet stings you.
You shoot an arrow. The arrow barely misses the hornet.
The hornet stings you but does no damage.
You shoot an arrow. The arrow misses the hornet.
The hornet barely misses you. The hornet stings you.
You shoot an arrow. The arrow barely misses the hornet.
The hornet barely misses you. x2
You shoot an arrow. The arrow hits the hornet!
The hornet is heavily wounded.
The hornet closely misses you.
You shoot an arrow.
The arrow hits the hornet but does no damage.
The hornet is heavily wounded.
The hornet stings you but does no damage. x2
You shoot an arrow. The arrow closely misses the hornet.
The hornet barely misses you.
You shoot an arrow. The arrow hits the hornet.
The hornet is heavily wounded.
The hornet stings you but does no damage.
The hornet stings you!
5782 ||| READING 5 scrolls of teleportation.
As you read the scroll of teleportation, it crumbles to dust.
You feel strangely unstable. The hornet completely misses you.
You shoot an arrow. The arrow hits the hornet.
The hornet is severely wounded.
The hornet closely misses you. The hornet barely misses you.
You shoot an arrow.
The arrow hits the hornet but does no damage.
The hornet is severely wounded.
The hornet stings you!
You die...

#.# #...# #.#
#..%# #.# #...#
#.# #...# # #.#
##### .# #.#
..# #.# ..
#.###########.#
#..........@y.#
###############


You could see a hornet.

Vanquished Creatures
  Grinder (D:6)
  A sky beast (D:6)
  A centaur (D:7)
  A phantom (D:5)
  2 scorpions
  A howler monkey (D:6)
  4 bombardier beetles
  3 orc priests
  3 hounds
  A jelly (D:6)
  An orc wizard (D:5)
  5 iguanas
  7 gnolls
  8 adders
  2 ufetubi (D:6)
  A ribbon worm (D:2)
  3 dart slugs
  14 orcs
  6 ball pythons
  10 endoplasms
  5 giant cockroaches
  8 goblins
  3 hobgoblins
  5 jackals
  4 kobolds
  3 quokkas
  4 bats
  3 frilled lizards
  9 rats
  A spectral goblin (D:6)
120 creatures vanquished.

Notes
Turn   | Place    | Note
-------+----------+-------------------------------------------
     0 | D:1      | qw the Gargoyle Hunter began the quest for the Orb.
     0 | D:1      | Reached XP level 1. HP: 12/12 MP: 1/1
     0 | D:1      | 0 ||| qw: Version: 0.3-a-132-g3d54051
     0 | D:1      | 0 ||| qw: Game counter: 62
     0 | D:1      | 0 ||| qw: Melee chars always use a shield: true
     0 | D:1      | 0 ||| qw: God list: Okawaru
     0 | D:1      | 0 ||| qw: Allow faded altars: false
     0 | D:1      | 0 ||| qw: Do Orc after clearing Dungeon:15 true
     0 | D:1      | 0 ||| qw: Do second Lair branch before Depths: true
     0 | D:1      | 0 ||| qw: Lair rune preference: random
     0 | D:1      | 0 ||| qw: Goals: Normal
     0 | D:1      | 0 ||| PLANNING D:1-11
   133 | D:1      | Reached XP level 2. HP: 17/17 MP: 2/2
   681 | D:1      | 681 ||| UPGRADING to +0 pair of gloves.
   686 | D:1      | 686 ||| UPGRADING to +0 ring mail.
   696 | D:1      | 696 ||| DROPPING +0 leather armour.
   697 | D:1      | 697 ||| READING scroll labelled ILEDOG OMNAKET.
   697 | D:1      | 697 ||| BRANDING +0 shortbow.
   698 | D:1      | 698 ||| READING scroll labelled QESANOD HAAN.
   698 | D:1      | 698 ||| IDENTIFYING puce potion
   699 | D:1      | 699 ||| DROPPING scroll of butterflies.
   832 | D:2      | Reached XP level 3. HP: 17/21 MP: 3/3
   833 | D:2      | Reached skill level 1 in Armour
   833 | D:2      | 833 ||| FLEEEEING.
   946 | D:2      | 946 ||| FLEEEEING.
  1081 | D:2      | Reached skill level 5 in Ranged Weapons
  1228 | D:2      | Reached skill level 3 in Fighting
  1228 | D:2      | Reached XP level 4. HP: 26/28 MP: 4/4
  1567 | D:2      | 1567 ||| UPGRADING to +1 robe of willpower.
  1577 | D:2      | 1577 ||| READING scroll of identify.
  1577 | D:2      | 1577 ||| IDENTIFYING emerald potion
  1578 | D:2      | 1578 ||| READING scroll labelled NYTOTW QAFU.
  1679 | D:2      | 1679 ||| READING scroll labelled JESCHA XUOHUY.
  1680 | D:2      | 1680 ||| FLEEEEING.
  1682 | D:2      | 1682 ||| DROPPING potion of degeneration.
  1752 | D:3      | Found the +7 Kryia's mail coat {PotionHeal*2 rC+}
  1960 | D:3      | Reached XP level 5. HP: 31/32 MP: 5/5
  2025 | D:3      | Reached skill level 6 in Ranged Weapons
  2136 | D:3      | Found a shadowy altar of Dithmenos.
  2156 | D:3      | HP: 6/33 [orc/+0 mace (6)]
  2517 | D:3      | 2517 ||| READING scroll of identify.
  2517 | D:3      | 2517 ||| IDENTIFYING fuming sapphire potion
  2518 | D:3      | 2518 ||| READING 2 scrolls labelled BAORUY HATE.
  2519 | D:3      | 2519 ||| DRINKING 2 glowing amethyst potions.
  2520 | D:3      | 2520 ||| DROPPING scroll of noise.
  2521 | D:3      | 2521 ||| DROPPING potion of brilliance.
  2586 | D:4      | Found a hide-covered altar of Uskayaw.
  2607 | D:4      | Found an opulent altar of Gozag.
  2652 | D:4      | Reached XP level 6. HP: 35/38 MP: 6/6
  2697 | D:4      | 2697 ||| FLEEEEING.
  2738 | D:4      | Found Gucan's Vocational Training.
  2952 | D:4      | Found a transporter.
  2952 | D:4      | Noticed qw's ghost (amateur GrHu)
  2992 | D:4      | Found a transporter.
  3309 | D:4      | Reached skill level 7 in Ranged Weapons
  3344 | D:4      | 3344 ||| READING scroll labelled YCRUOT CUAF.
  3362 | D:5      | Entered Level 5 of the Dungeon
  3363 | D:5      | 3363 ||| PLANNING OSSUARY
  3378 | D:5      | 3378 ||| READING scroll of brand weapon.
  3378 | D:5      | 3378 ||| BRANDING +0 shortbow of draining.
  3425 | D:5      | Reached XP level 7. HP: 43/43 MP: 7/7
  3518 | D:5      | 3518 ||| FLEEEEING.
  3639 | D:5      | Found a basalt altar of Yredelemnul.
  3660 | D:5      | Reached skill level 8 in Ranged Weapons
  3747 | D:5      | 3747 ||| FLEEEEING.
  4002 | D:5      | 4002 ||| RIP OSSUARY
  4039 | D:5      | 4039 ||| PLANNING D:1-11
  4066 | D:5      | 4066 ||| FLEEEEING.
  4558 | D:5      | 4558 ||| UPGRADING to +0 cloak.
  4563 | D:5      | 4563 ||| DROPPING amulet of magic regeneration.
  4564 | D:5      | 4564 ||| READING scroll labelled JOADUU WILIT.
  4564 | D:5      | 4564 ||| ENCHANTING +0 pair of gloves.
  4609 | D:6      | 4609 ||| FLEEEEING.
  4651 | D:6      | Reached XP level 8. HP: 49/49 MP: 8/8
  4879 | D:6      | Reached skill level 9 in Ranged Weapons
  4879 | D:6      | 4879 ||| FLEEEEING.
  4883 | D:6      | 4883 ||| STAIRDANCE
  4901 | D:5      | 4901 ||| READING scroll of identify.
  4901 | D:5      | 4901 ||| IDENTIFYING pink potion
  4902 | D:5      | 4902 ||| READING scroll labelled UTYASU SYEDD.
  4903 | D:5      | 4903 ||| DROPPING potion of ambrosia.
  4949 | D:6      | Found a hazy altar of Hepliaklqana.
  4995 | D:6      | Noticed Grinder
  4996 | D:6      | 4996 ||| ZAPPING wand of quicksilver (5) at -1,-4 (Grinder;
                  | floor).
  4998 | D:6      | 4998 ||| ZAPPING wand of quicksilver (4) at 0,-7 (Grinder;
                  | floor).
  4998 | D:6      | Paralysed by Grinder for 3 turns
  5001 | D:6      | 5001 ||| ZAPPING wand of quicksilver (3) at 0,-5 (Grinder;
                  | floor).
  5002 | D:6      | 5002 ||| ZAPPING wand of quicksilver (2) at 0,-5 (Grinder;
                  | floor).
  5003 | D:6      | 5003 ||| ZAPPING wand of quicksilver (1) at 0,-4 (Grinder;
                  | floor).
  5004 | D:6      | Killed Grinder
  5005 | D:6      | Reached skill level 6 in Fighting
  5025 | D:6      | Found a shimmering altar of Xom.
  5365 | D:6      | 5365 ||| READING scroll of identify.
  5365 | D:6      | 5365 ||| IDENTIFYING 2 scrolls labelled ZEPTYI DUPNU
  5366 | D:6      | 5366 ||| DROPPING 2 scrolls of poison.
  5401 | D:7      | Found Xejelum's Magic Scroll Shop.
  5405 | D:7      | 5405 ||| BUYING 2 scrolls of identify (56 gold).
  5405 | D:7      | Bought 2 scrolls of identify for 56 gold pieces
  5405 | D:7      | 5405 ||| BUYING scroll of identify (28 gold).
  5405 | D:7      | Bought a scroll of identify for 28 gold pieces
  5405 | D:7      | 5405 ||| BUYING scroll of identify (28 gold).
  5405 | D:7      | Bought a scroll of identify for 28 gold pieces
  5405 | D:7      | 5405 ||| BUYING scroll of teleportation (42 gold).
  5405 | D:7      | Bought a scroll of teleportation for 42 gold pieces
  5483 | D:7      | Found Fenloosu's Antique Armour Shop.
  5488 | D:7      | Found Zonej's Magic Scroll Boutique.
  5497 | D:7      | 5497 ||| BUYING scroll of enchant armour (90 gold).
  5497 | D:7      | Bought a scroll of enchant armour for 90 gold pieces
  5497 | D:7      | 5497 ||| BUYING scroll of identify (24 gold).
  5497 | D:7      | Bought a scroll of identify for 24 gold pieces
  5497 | D:7      | 5497 ||| BUYING scroll of identify (24 gold).
  5497 | D:7      | Bought a scroll of identify for 24 gold pieces
  5497 | D:7      | 5497 ||| BUYING scroll of teleportation (36 gold).
  5497 | D:7      | Bought a scroll of teleportation for 36 gold pieces
  5497 | D:7      | 5497 ||| SHOPLISTING scroll of teleportation (36 gold, have
                  | 24).
  5497 | D:7      | 5497 ||| READING scroll of enchant armour.
  5497 | D:7      | 5497 ||| ENCHANTING +1 pair of gloves.
  5557 | D:7      | 5557 ||| SHOPLISTING pair of glowing gloves (195 gold, have
                  | 42).
  5766 | D:7      | Noticed a hornet
  5767 | D:7      | 5767 ||| SWAPPING to +0 orcbow.
  5781 | D:7      | HP: 11/51 [hornet (13)]
  5782 | D:7      | 5782 ||| READING 5 scrolls of teleportation.
  5784 | D:7      | Slain by a hornet

Levels and vault maps discovered:
D:1:      dpeg_arrival_rooms_b, layout_loops_cross, minmay_misc_feat_plants
D:2:      layout_loops_corners, serial_bayou_pond_a, st_stairs_1,
          grunt_ministairs_13, amcnicky_mini_pool_small
D:3:      layout_loops_cross, nicolae_dithmenos_through_a_glass_darkly
D:4:      layout_basic, overflow_temple_1_default, mainiacjoe_overflow_catwalk,
          gammafunk_ghost_arena, minmay_misc_feat_alley, nicolae_shop_vocational
D:5:      layout_basic, mainiacjoe_overflow_24_doors, nicolae_ossuary_entry_plus
D:6:      layout_loops_corners, mainiacjoe_overflow_concentric_impassable,
          nicolae_hepliaklqana_monster_ancestors, uniq_grinder
D:7:      layout_basic, temple_doors_ab, serial_shops, shop, shop,
          nicolae_shop_pleasant_corner_grove, nicolae_shop_tiny_waterfront,
          shop, uniq_jeremiah

Skill      XL: |  1  2  3  4  5  6  7  8 |
---------------+-------------------------+-----
Armour         | 1 |  1.0
Ranged Weapons | 5 6 7 8 9 |  9.4
Fighting       | 3 4 5 6 |  6.2
Dodging        | 2 |  2.1
Stealth        | |  1.1

Action                     |  1- 3 |  4- 6 |  7- 9 || total
---------------------------+-------+-------+-------++-------
   Fire: Shortbow          |   117 |   165 |   163 ||   445
         Orcbow            |       |       |    16 ||    16
  Evoke: Wand              |       |       |     5 ||     5
    Use: Scroll            |     2 |     7 |     6 ||    15
         Potion            |       |     1 |       ||     1
 Armour: Leather armour    |    10 |       |       ||    10
         Ring mail         |    25 |       |       ||    25
         Robe              |       |    33 |    73 ||   106
  Dodge: Dodged            |    25 |    49 |    55 ||   129

Table legend:
 A = Non-vault XP
 B = Vault XP
 C = Vault XP percentage of total XP
 D = Non-vault monster count
 E = Vault monster count
 F = Vault count percentage of total count
                 A         B        C        D         E       F
            +---------+---------+-------+---------+---------+-------
      Total |    1651 |     291 |  15.0 |     113 |       7 |   5.8
            +---------+---------+-------+---------+---------+-------
        D:1 |      28 |       0 |   0.0 |      17 |       0 |   0.0
        D:2 |      61 |       7 |  10.3 |      19 |       4 |  17.4
        D:3 |     175 |       0 |   0.0 |      29 |       0 |   0.0
        D:4 |     300 |       0 |   0.0 |      18 |       0 |   0.0
        D:5 |     509 |       0 |   0.0 |      18 |       0 |   0.0
        D:6 |     463 |     284 |  38.0 |      11 |       3 |  21.4
        D:7 |     115 |       0 |   0.0 |       1 |       0 |   0.0
            +---------+---------+-------+---------+---------+-------
